 Dungeon Crawl Stone Soup version 0.27.0-1-g7a089689b8 (webtiles) character file.

Game seed: 18381074867298845461

34 loansindi the Conjurer (level 3, 0/26 HPs)
             Began as a Draconian Conjurer on Aug 17, 2021.
             Slain by an adder (2 damage)
             ... on level 2 of the Dungeon.
             The game lasted 00:03:54 (1702 turns).

loansindi the Conjurer (Draconian Conjurer)         Turns: 1702, Time: 00:03:55

Health: 0/26       AC:  5    Str:  9    XL:     3   Next: 14%
Magic:  2/6        EV: 12    Int: 19    God:
Gold:   78         SH:  0    Dex:  9    Spells: 3/6 levels left

rFire    . . .     SeeInvis .   c - +0 whip (flame)
rCold    . . .     Faith    .   (no shield)
rNeg     . . .     Spirit   .   (armour unavailable)
rPois    .         Reflect  .   (helmet restricted)
rElec    .         Harm     .   (no cloak)
rCorr    .         Rampage  .   (no gloves)
Will     .....                  (no boots)
Stlth    ++........             (no amulet)
HPRegen  0.08/turn              (no ring)
MPRegen  0.10/turn              (no ring)

@: no status effects
A: AC +5, unfitting armour, cold-blooded
a: no special abilities


You were on level 2 of the Dungeon.
You visited 1 branch of the dungeon, and saw 2 of its levels.

You collected 78 gold pieces.

Inventory:

Hand Weapons
 a - a +0 short sword
 c - a +0 whip of flaming (weapon)
Missiles
 d - 14 poisoned darts
Jewellery
 j - an amulet of guardian spirit
Scrolls
 b - a scroll of amnesia {unknown}
 g - a scroll of noise {unknown}
 h - a scroll of acquirement {unknown}
Potions
 f - a potion of resistance


   Skills:
 + Level 0.3 Maces & Flails
 + Level 1.9 Dodging
 + Level 1.9 Stealth
 + Level 2.1 Spellcasting
 + Level 4.7 Conjurations


You had 3 spell levels left.
You knew the following spells:

 Your Spells              Type           Power      Damage    Failure   Level
a - Magic Dart            Conj           80%        1d7       2%          1
b - Searing Ray           Conj           40%        3d4       3%          2

Your spell library contained the following spells:

 Spells                   Type           Power      Damage    Failure   Level
 Dazzling Flash           Conj/Hex       22%        N/A       19%         3
 Fulminant Prism          Conj/Hex       5%         3d7       52%         4
 Iskenderun's Mystic Bla  Conj/Tloc      11%        2d4       52%         4


Dungeon Overview and Level Annotations

Branches:
Dungeon (2/15)

Altars:


Innate Abilities, Weirdness & Mutations

Your plain brown scales are hard. (AC +5)
You cannot fit into any form of body armour.
You are cold-blooded and may be slowed by cold attacks.


Message History

You feel sick.
You are no longer poisoned.
The adder closely misses you.
You hit the adder. You burn the adder.
The adder is heavily wounded.
The adder closely misses you. The adder barely misses you.
You barely miss the adder.
The adder is heavily wounded.
The adder bites you but does no damage.
You are too injured to fight recklessly!
You closely miss the adder.
The adder is heavily wounded.
The adder bites you but does no damage. x2
You barely miss the adder.
The adder is heavily wounded.
The adder bites you but does no damage.
You closely miss the adder.
The adder is heavily wounded.
The adder barely misses you.
You closely miss the adder.
The adder is heavily wounded.
The adder misses you. The adder bites you.
* * * LOW HITPOINT WARNING * * *
It was a potion of brilliance.
You feel clever all of a sudden. The adder bites you but does no damage.
Unknown command.
It was a potion of resistance.
You feel protected. The adder bites you.
* * * LOW HITPOINT WARNING * * *
It was a potion of cancellation.
Your magical effects are unravelling.
You feel magically purged.
You feel a little less clever now.
Your resistance to elements expires.
The adder barely misses you. The adder bites you but does no damage.
You closely miss the adder.
The adder is heavily wounded.
The adder bites you.
You die...

###### #....# ###### #....#
#....# #....#############
#..#.# #......##.........
##.#.# #....#............
######.#.## #...@SJ##.........
..........########..#.........
................###..)..).....
..............................
...........#########....#..#..
.............## #...## ##
..........##..# ####.....
#########.....###......##..
#####.......##.#. .


You could see an adder and an endoplasm.

Vanquished Creatures
  4 ball pythons (D:1)
  3 endoplasms
  2 giant cockroaches
  3 goblins
  5 hobgoblins
  A quokka (D:1)
  2 bats (D:2)
  3 frilled lizards
  6 kobolds
  2 rats (D:1)
31 creatures vanquished.

Notes
Turn   | Place    | Note
-------+----------+-------------------------------------------
     0 | D:1      | loansindi the Draconian Conjurer began the quest for the
                  | Orb.
     0 | D:1      | Reached XP level 1. HP: 14/14 MP: 3/3
   337 | D:1      | Reached XP level 2. HP: 20/20 MP: 3/5
   413 | D:1      | Learned a level 2 spell: Searing Ray
  1559 | D:2      | Reached XP level 3. HP: 26/26 MP: 3/6
  1700 | D:2      | HP: 1/26 [adder (2)]
  1702 | D:2      | Slain by an adder

Illustrated notes

Levels and vault maps discovered:
D:1:      amcnicky_arrival_single_pillar, layout_basic, st_stairs_13
D:2:      layout_rooms

Action                   || total
-------------------------++-------
Melee: Unarmed           ||     4
       Short sword       ||     2
       Tailslap          ||     2
       Whip              ||    30
 Cast: Magic Dart        ||    16
       Searing Ray       ||    15
  Use: Potion            ||     3
Armor: Skin              ||    17
Dodge: Dodged            ||    40
